[ AOE2 MATCH · #493694887 ]
UnrankedBohemians vs Bohemians
Player's team · WIN
Rival team · LOSS
[ REPLAY ANALYSIS · EXTRACTED FROM THE RECORDED GAME ]
Feudal
11:45
Castle
16:20
Imperial
—
| APM avg | 39.9 |
| APM peak | 120 |
| eAPM avg | 17.2 |
| Villagers / military | 68 / 22 |
Focus
⚔️ 29.6% · 🌾 70.4%
Hussite Wagon ×15 · Battering Ram ×7
Feudal
8:30
Castle
—
Imperial
—
| APM avg | 50.0 |
| APM peak | 106 |
| eAPM avg | 24.7 |
| Villagers / military | 67 / 38 |
Focus
⚔️ 32.2% · 🌾 67.8%
Archer ×38
Match map
Initial resources + every placement click. Lines = walls · curves = elevation contours. ◆ gold · ⬟ stone · ● berries · ✦ relic · ◌ wall gap
Your base· ✓ Closed at 16:20 · 43t walls · 2 gate(s)
Rododino's base· ✓ Closed at 12:00 · 0t walls · 2 gate(s)
Smoothed initial terrain · ◌ = detected wall gap · hover for details
Inputs per minute
— OS | pilot - - Rododino
Build order — OS | pilot
149 actions detected in the replay
| 0:00 | Create | Villager (Male) |
| 0:00 | Create | Villager (Male) |
| 0:01 | Create | Villager (Male) |
| 0:02 | Build | House |
| 0:03 | Build | House |
| 0:05 | Create | Villager (Male) |
| 1:24 | Create | Villager (Male) |
| 1:50 | Build | Lumber Camp |
| 2:00 | Create | Villager (Male) |
| 2:21 | Create | Villager (Male) |
| 2:37 | Create | Villager (Male) |
| 2:38 | Create | Villager (Male) |
| 3:05 | Create | Villager (Male) |
| 3:14 | Create | Villager (Male) |
| 3:26 | Build | House |
| 3:26 | Build | House |
| 3:27 | Build | House |
| 4:07 | Create | Villager (Male) |
| 4:09 | Build | Mill |
| 4:09 | Create | Villager (Male) |
| 4:20 | Build | House |
| 4:51 | Create | Villager (Male) |
| 4:52 | Create | Villager (Male) |
| 5:06 | Create | Villager (Male) |
| 5:34 | Build | Lumber Camp |
| 5:40 | Create | Villager (Male) |
| 6:16 | Create | Villager (Male) |
| 6:30 | Create | Villager (Male) |
| 6:30 | Create | Villager (Male) |
| 6:38 | Create | Villager (Male) |
| 6:38 | Create | Villager (Male) |
| 6:39 | Create | Villager (Male) |
| 7:43 | Build | Farm |
| 7:49 | Build | Farm |
| 8:09 | Research | Loom |
| 8:22 | Build | Palisade Wall |
| 8:31 | Build | Farm |
| 8:44 | Build | Farm |
| 8:45 | Create | Villager (Male) |
| 8:52 | Build | Palisade Wall |
| 9:09 | Research | Feudal Age |
| 9:43 | Build | House |
| 9:59 | Build | House |
| 10:05 | Build | Palisade Wall |
| 10:10 | Build | Palisade Wall |
| 10:33 | Build | Mining Camp |
| 10:40 | Build | Palisade Wall |
| 10:43 | Build | Palisade Wall |
| 10:49 | Build | Palisade Wall |
| 11:02 | Create | Villager (Male) |
| 11:02 | Create | Villager (Male) |
| 11:45 | Age | Feudal Age |
| 11:56 | Build | Market |
| 12:12 | Research | Loom |
| 12:17 | Build | Blacksmith |
| 12:27 | Build | Mining Camp |
| 12:40 | Build | House |
| 13:40 | Research | Castle Age |
| 13:58 | Build | House |
| 15:57 | Research | Double-Bit Axe |
| 16:01 | Create | Villager (Male) |
| 16:20 | Age | Castle Age |
| 16:27 | Build | Castle |
| 16:37 | Research | Fletching |
| 16:52 | Build | Town Center |
| 16:54 | Create | Villager (Male) |
| 16:58 | Create | Villager (Male) |
| 17:06 | Build | Farm |
| 17:17 | Build | Farm |
| 17:35 | Build | Farm |
| 17:36 | Build | Farm |
| 17:55 | Build | Farm |
| 17:57 | Build | Farm |
| 18:05 | Build | Farm |
| 18:08 | Create | Villager (Male) |
| 18:14 | Create | Hussite Wagon |
| 18:30 | Create | Villager (Male) |
| 18:47 | Create | Villager (Male) |
| 18:47 | Create | Villager (Male) |
| 18:47 | Create | Villager (Male) |
| 19:11 | Build | Farm |
| 19:46 | Research | Bodkin Arrow |
| 19:51 | Create | Villager (Male) |
| 19:51 | Create | Villager (Male) |
| 19:51 | Create | Villager (Male) |
| 20:13 | Create | Villager (Male) |
| 20:20 | Create | Villager (Male) |
| 20:48 | Create | Villager (Male) |
| 20:56 | Create | Hussite Wagon |
| 21:11 | Create | Villager (Male) |
| 21:30 | Create | Villager (Male) |
| 21:39 | Build | Castle |
| 21:55 | Create | Villager (Male) |
| 22:02 | Create | Villager (Male) |
| 22:02 | Create | Villager (Male) |
| 22:09 | Create | Villager (Male) |
| 22:15 | Build | Monastery |
| 22:36 | Create | Hussite Wagon |
| 22:43 | Create | Villager (Male) |
| 22:52 | Create | Villager (Male) |
| 23:00 | Research | Fervor |
| 23:12 | Create | Villager (Male) |
| 23:31 | Create | Villager (Male) |
| 23:37 | Build | Siege Workshop |
| 23:42 | Create | Villager (Male) |
| 23:42 | Create | Villager (Male) |
| 23:55 | Build | Mill |
| 23:56 | Create | Villager (Male) |
| 24:03 | Build | Lumber Camp |
| 24:22 | Create | Villager (Male) |
| 24:29 | Create | Battering Ram |
| 24:39 | Create | Villager (Male) |
| 24:59 | Research | Bow Saw |
| 24:59 | Create | Battering Ram |
| 25:07 | Build | Farm |
| 25:18 | Create | Hussite Wagon |
| 25:20 | Create | Hussite Wagon |
| 25:21 | Create | Villager (Male) |
| 25:21 | Create | Villager (Male) |
| 25:22 | Create | Villager (Male) |
| 25:25 | Create | Villager (Male) |
| 25:27 | Build | Farm |
| 25:33 | Create | Hussite Wagon |
| 25:44 | Create | Hussite Wagon |
| 25:57 | Create | Hussite Wagon |
| 26:01 | Create | Villager (Male) |
| 26:03 | Create | Villager (Male) |
| 26:20 | Create | Battering Ram |
| 26:20 | Create | Battering Ram |
| 26:26 | Create | Villager (Male) |
| 26:34 | Create | Hussite Wagon |
| 26:43 | Create | Hussite Wagon |
| 26:43 | Create | Hussite Wagon |
| 26:46 | Create | Villager (Male) |
| 26:58 | Create | Villager (Male) |
| 27:01 | Create | Hussite Wagon |
| 27:18 | Create | Villager (Male) |
| 27:26 | Create | Hussite Wagon |
| 27:35 | Create | Villager (Male) |
| 27:42 | Create | Battering Ram |
| 27:42 | Create | Battering Ram |
| 27:42 | Create | Battering Ram |
| 27:59 | Build | Mining Camp |
| 28:11 | Create | Hussite Wagon |
| 28:11 | Create | Hussite Wagon |
| 28:12 | Create | Villager (Male) |
| 28:14 | Build | House |
| 28:15 | Build | House |
| 28:15 | Create | Villager (Male) |
Build order — Rododino
First 150 of 206 actions detected
| 0:02 | Create | Villager (Male) |
| 0:02 | Create | Villager (Male) |
| 0:03 | Build | House |
| 0:05 | Build | House |
| 0:12 | Create | Villager (Male) |
| 0:21 | Create | Villager (Male) |
| 1:34 | Build | Lumber Camp |
| 1:36 | Create | Villager (Male) |
| 2:04 | Create | Villager (Male) |
| 2:05 | Create | Villager (Male) |
| 2:05 | Create | Villager (Male) |
| 2:27 | Create | Villager (Male) |
| 2:48 | Build | House |
| 3:03 | Create | Villager (Male) |
| 3:09 | Create | Villager (Male) |
| 4:05 | Create | Villager (Male) |
| 4:06 | Create | Villager (Male) |
| 4:06 | Create | Villager (Male) |
| 4:31 | Create | Villager (Male) |
| 4:51 | Build | Mining Camp |
| 4:51 | Create | Villager (Male) |
| 5:53 | Research | Loom |
| 6:20 | Research | Feudal Age |
| 6:20 | Research | Feudal Age |
| 6:25 | Build | Mill |
| 7:15 | Create | Villager (Male) |
| 7:42 | Build | House |
| 8:02 | Create | Villager (Male) |
| 8:17 | Create | Villager (Male) |
| 8:26 | Create | Villager (Male) |
| 8:30 | Age | Feudal Age |
| 8:33 | Build | Watch Tower |
| 8:37 | Build | Blacksmith |
| 8:40 | Create | Villager (Male) |
| 9:22 | Create | Villager (Male) |
| 9:28 | Build | Watch Tower |
| 9:33 | Research | Fletching |
| 9:42 | Build | House |
| 9:46 | Create | Villager (Male) |
| 10:19 | Create | Villager (Male) |
| 10:37 | Create | Villager (Male) |
| 10:57 | Build | House |
| 10:59 | Create | Villager (Male) |
| 11:10 | Build | House |
| 11:29 | Create | Villager (Male) |
| 11:46 | Build | Watch Tower |
| 11:55 | Build | House |
| 11:56 | Create | Villager (Male) |
| 12:18 | Build | Watch Tower |
| 12:18 | Create | Villager (Male) |
| 12:21 | Create | Villager (Male) |
| 12:31 | Build | Mining Camp |
| 12:40 | Build | Mining Camp |
| 12:41 | Create | Villager (Male) |
| 12:48 | Build | Watch Tower |
| 12:49 | Create | Villager (Male) |
| 13:05 | Create | Villager (Male) |
| 13:57 | Build | Barracks |
| 13:59 | Create | Villager (Male) |
| 14:20 | Build | Watch Tower |
| 14:51 | Build | Archery Range |
| 14:52 | Create | Villager (Male) |
| 15:29 | Build | Archery Range |
| 15:30 | Create | Archer |
| 15:50 | Create | Archer |
| 15:53 | Create | Villager (Male) |
| 15:58 | Create | Archer |
| 16:02 | Create | Villager (Male) |
| 16:11 | Build | Archery Range |
| 16:12 | Create | Archer |
| 16:13 | Create | Villager (Male) |
| 16:23 | Create | Archer |
| 16:30 | Create | Villager (Male) |
| 16:33 | Create | Archer |
| 16:36 | Create | Archer |
| 16:37 | Create | Villager (Male) |
| 16:41 | Create | Archer |
| 16:49 | Create | Archer |
| 16:57 | Create | Villager (Male) |
| 16:59 | Create | Archer |
| 17:17 | Create | Archer |
| 17:36 | Build | Watch Tower |
| 17:38 | Create | Archer |
| 17:44 | Build | House |
| 17:46 | Build | House |
| 17:49 | Build | Farm |
| 17:51 | Build | Farm |
| 17:59 | Build | House |
| 18:01 | Create | Archer |
| 18:03 | Create | Villager (Male) |
| 18:13 | Build | Watch Tower |
| 18:23 | Create | Archer |
| 18:31 | Build | Farm |
| 18:38 | Build | Farm |
| 18:50 | Create | Archer |
| 18:54 | Create | Archer |
| 19:02 | Create | Archer |
| 19:12 | Build | Watch Tower |
| 19:12 | Create | Villager (Male) |
| 19:20 | Create | Archer |
| 19:28 | Build | Farm |
| 19:29 | Create | Villager (Male) |
| 19:29 | Create | Villager (Male) |
| 19:31 | Create | Archer |
| 19:39 | Create | Archer |
| 19:48 | Build | Farm |
| 19:52 | Create | Archer |
| 20:01 | Build | House |
| 20:09 | Build | Watch Tower |
| 20:14 | Build | Watch Tower |
| 20:22 | Create | Villager (Male) |
| 20:24 | Build | Farm |
| 20:30 | Build | House |
| 20:34 | Create | Villager (Male) |
| 20:35 | Create | Archer |
| 20:41 | Create | Archer |
| 20:56 | Create | Villager (Male) |
| 21:04 | Create | Archer |
| 21:08 | Build | House |
| 21:09 | Build | House |
| 21:12 | Build | House |
| 21:14 | Create | Archer |
| 21:16 | Create | Villager (Male) |
| 21:30 | Build | Watch Tower |
| 21:32 | Create | Archer |
| 21:43 | Create | Archer |
| 21:47 | Build | House |
| 21:50 | Build | Farm |
| 21:59 | Build | House |
| 22:05 | Build | House |
| 22:14 | Build | Watch Tower |
| 22:15 | Create | Villager (Male) |
| 22:29 | Create | Archer |
| 22:29 | Create | Archer |
| 22:35 | Build | House |
| 22:36 | Create | Villager (Male) |
| 22:49 | Create | Archer |
| 22:49 | Create | Archer |
| 23:09 | Create | Villager (Male) |
| 23:13 | Build | Watch Tower |
| 23:17 | Create | Villager (Male) |
| 23:18 | Create | Archer |
| 23:27 | Build | Lumber Camp |
| 23:35 | Build | Lumber Camp |
| 23:38 | Create | Villager (Male) |
| 23:43 | Create | Archer |
| 23:57 | Build | Watch Tower |
| 24:03 | Create | Villager (Male) |
| 24:14 | Build | Market |
| 24:19 | Create | Villager (Male) |
Match timeline
| 8:22 | OS | pilot · wall_segment Palisade Wall x7 |
| 8:30 | Rododino · age_up feudal |
| 8:52 | OS | pilot · wall_segment Palisade Wall x4 |
| 10:05 | OS | pilot · wall_segment Palisade Wall x2 |
| 10:10 | OS | pilot · wall_segment Palisade Wall x4 |
| 10:40 | OS | pilot · wall_segment Palisade Wall x2 |
| 10:43 | OS | pilot · wall_segment Palisade Wall x9 |
| 10:49 | OS | pilot · wall_segment Palisade Wall x16 |
| 11:45 | OS | pilot · age_up feudal |
| 13:57 | Rododino · first_building Barracks |
| 14:51 | Rododino · first_building Archery Range |
| 16:20 | OS | pilot · age_up castle |
| 16:27 | OS | pilot · first_building Castle |
| 16:36 | OS | pilot · first_market_buy 100 food |
| 16:43 | OS | pilot · first_market_sell 100 wood |
| 22:15 | OS | pilot · first_building Monastery |
| 23:37 | OS | pilot · first_building Siege Workshop |
| 24:46 | Rododino · first_market_buy 100 stone |
| 28:23 | Rododino · resign |
[ AI ANALYSIS · 1 CREDIT ]
What really happened in this match?
Wolo.gg analyzes every decision: build order, eco, micro, common mistakes by bracket. Personalized analysis on WhatsApp or Discord in 30 seconds.
Civ guide
Bohemians
Perfil
OS | pilot